Map: Inside and Out

Players

NightMare - Winner!

  • Race: Protoss Protoss
  • Spawn Location: 1:00

Kelazhur

  • Race: Terran Terran
  • Spawn Location: 7:00

Event: DreamHack SC2 Masters 2022 Atlanta (Offline)

VOD

Have the link to the VOD?

Description

Time

  • Played on: Nov. 18, 2022, 10:41 a.m.
  • Length: 9:17

All games in this series

Show
View Real Time Build Order
Export as new Build Order

NightMare Protoss - Winner!

Build Orders: Oracle Opening, Blink Stalkers 

Get SALT Encoding   

  12  0:00  Probe  
  13  0:12  Probe  
  14  0:16  Pylon  
  14  0:24  Probe (Chrono Boost)  
  15  0:29  Assimilator  
  15  0:36  Probe (Chrono Boost)  
  15  0:42  Gateway  
  16  0:46  Probe (Chrono Boost)  
  17  0:54  Probe  
  18  1:06  Probe  
  19  1:18  Probe  
  20  1:30  Cybernetics Core, Probe  
  21  1:33  Pylon  
  21  1:35  Assimilator  
  21  1:43  Probe  
  22  1:55  Probe  
  23  2:06  Adept, Stargate  
  23  2:07  Probe  
  25  2:11  Warp Gate  
  25  2:25  Nexus  
  25  2:31  Pylon  
  25  2:33  Probe  
  26  2:41  Adept  
  28  2:47  Oracle (Chrono Boost)  
  31  2:53  Probe  
  32  3:05  Twilight Council, Probe  
  33  3:17  Probe  
  33  3:30  Probe  
  33  3:37  Blink (Chrono Boost)  
  34  3:48  Probe  
  34  3:51  Probe  
  35  4:00  Probe  
  36  4:03  Probe  
  36  4:04  Stalker  
  36  4:07  Gateway  
  39  4:10  Gateway  
  39  4:12  Probe  
  39  4:15  Probe  
  41  4:22  Robotics Facility  
  41  4:24  Probe  
  41  4:27  Probe  
  43  4:33  Gateway  
  43  4:36  Stalker  
  43  4:37  Probe  
  46  4:39  Probe  
  46  4:42  Shield Battery  
  47  4:47  Pylon  
  47  4:49  Probe  
  47  4:51  Probe  
  49  5:04  Stalker x2  
  49  5:05  Stalker  
  55  5:07  Pylon  
  55  5:18  Nexus  
  56  5:21  Observer  
  56  5:23  Probe x2  
  55  5:35  Stalker x2  
  55  5:36  Stalker  
  55  5:38  Probe x2  
  63  5:46  Observer  
  63  5:48  Charge (Chrono Boost)  
  64  5:52  Assimilator  
  64  6:01  Gateway  
  64  6:02  Gateway  
  64  6:03  Gateway  
  64  6:05  Probe x2  
  64  6:07  Pylon  
  66  6:11  Observer  
  66  6:12  Sentry  
  66  6:13  Pylon  
  66  6:17  Probe x2  
  70  6:24  Pylon  
  70  6:35  Warp Prism (Chrono Boost)  
  70  6:37  Zealot x3  
  70  6:39  Zealot  
  80  6:43  Shield Battery  
  80  6:44  Probe  
  77  6:50  Dark Shrine, Probe  
  78  6:57  Probe  
  78  6:58  Probe  
  80  7:02  Probe  
  80  7:05  Zealot x4  
  80  7:08  Zealot  
  91  7:11  Probe x2  
  91  7:14  Observer, Probe  
  94  7:19  Zealot x2  
  96  7:27  Pylon  
  96  7:32  Zealot x4  
  96  7:33  Zealot  
  106  7:40  Pylon  
  106  7:41  Pylon  
  106  7:42  Zealot  
  106  7:55  Zealot x2  
  106  7:56  Zealot x4  
  107  8:10  Dark Templar  
  103  8:15  Dark Templar x2  
  103  8:18  Dark Templar  
  103  8:19  Dark Templar  
  103  8:20  Dark Templar  
  103  8:21  Zealot  
  103  8:22  Pylon  
  105  8:33  Stalker  
  107  8:39  Dark Templar, Pylon  
  105  8:46  Zealot x2  
  105  8:47  Zealot  
  109  9:00  Zealot  
  109  9:01  Zealot  
  111  9:09  Zealot x3  
  117  9:15  Zealot  
Show
View Real Time Build Order
Export as new Build Order

Kelazhur Terran 

Build Orders:  

Get SALT Encoding   

  12  0:00  SCV  
  13  0:12  SCV  
  14  0:16  Supply Depot  
  14  0:24  SCV  
  15  0:38  SCV  
  15  0:39  Barracks  
  16  0:43  Refinery  
  16  0:50  SCV  
  16  0:52  Refinery  
  17  1:02  SCV  
  18  1:06  Supply Depot  
  18  1:14  SCV  
  19  1:29  Reaper, Orbital Command  
  20  1:42  Factory  
  20  1:55  SCV  
  21  2:02  Reaper  
  21  2:07  SCV  
  23  2:19  SCV  
  24  2:27  Command Center  
  24  2:32  Hellion  
  24  2:33  SCV  
  27  2:39  Barracks Reactor  
  27  2:41  Supply Depot  
  27  2:46  SCV  
  28  2:53  Barracks  
  28  2:54  Factory Tech Lab  
  28  2:58  SCV  
  29  3:10  SCV  
  30  3:18  Marine x2  
  30  3:19  Cyclone  
  34  3:23  SCV  
  28  3:35  SCV  
  28  3:37  Marine x2  
  27  3:41  Orbital Command  
  27  3:47  SCV  
  28  3:51  Cyclone  
  31  3:56  Marine  
  31  3:59  SCV  
  33  4:04  Barracks Tech Lab  
  33  4:09  SCV  
  34  4:11  SCV  
  34  4:13  Marine  
  34  4:14  Marine  
  37  4:21  SCV  
  37  4:23  SCV  
  39  4:25  Stimpack, Marine  
  40  4:32  Cyclone  
  40  4:33  SCV  
  40  4:35  SCV  
  45  4:39  Marine x2  
  45  4:43  Supply Depot  
  45  4:44  Marine  
  45  4:45  SCV  
  49  4:48  SCV  
  50  4:56  Marine  
  50  4:57  Engineering Bay, SCV  
  52  5:01  SCV  
  52  5:02  Supply Depot  
  52  5:05  Marine x2  
  55  5:09  SCV  
  55  5:13  SCV  
  57  5:17  Siege Tank  
  60  5:21  SCV  
  60  5:25  Supply Depot  
  60  5:26  SCV  
  60  5:27  Marine  
  63  5:33  SCV  
  61  5:36  Marine  
  61  5:37  Marauder  
  61  5:38  SCV  
  65  5:45  SCV  
  65  5:46  Supply Depot, Bunker  
  65  5:47  Terran Infantry Weapons Level 1  
  62  5:51  SCV  
  62  5:52  Marine  
  64  5:58  Siege Tank  
  64  6:03  SCV  
  64  6:04  SCV  
  69  6:06  Combat Shield  
  69  6:07  Marine  
  69  6:08  Marauder  
  72  6:14  Starport  
  72  6:15  SCV  
  72  6:16  SCV  
  74  6:21  Marine  
  75  6:27  SCV  
  80  6:32  Marauder, Siege Tank  
  80  6:33  SCV  
  80  6:39  SCV  
  82  6:41  Marine x2  
  82  6:45  SCV  
  82  6:48  Refinery  
  82  6:55  Marine  
  82  6:58  SCV  
  82  6:59  Marine x2  
  86  7:02  Medivac  
  86  7:03  Supply Depot  
  85  7:09  Supply Depot  
  85  7:10  SCV  
  86  7:16  Supply Depot  
  86  7:23  SCV  
  86  7:25  SCV, Siege Tank  
  86  7:28  Marine x2  
  86  7:29  Marauder  
  94  7:32  Medivac  
  94  7:35  SCV  
  95  7:39  Supply Depot  
  95  7:46  Marine x2  
  95  7:49  Marine  
  80  8:03  Marine  
  80  8:04  Marine  
  78  8:07  Marine  
  78  8:12  Siege Tank  
  69  8:16  Bunker  
  62  8:21  Marine x2  
  62  8:25  Marine  
  58  8:44  Missile Turret  
  48  8:56  Missile Turret  
Tags
 
Add a new tag
Caveats
  • Supply blocks, unpowered buildings, or Contaminate may cause inaccurate times.
  • Supply counts are checked every 10 seconds.